 Dungeon Crawl Stone Soup version 0.29-a0-322-g68df515428 (webtiles) character file.

Game seed: 7696222882357573662

199980 jlumianski the Severer (level 17, 0/147 HPs)
             Began as a Demonspawn Fighter on Apr 5, 2022.
             Was the Champion of Okawaru.
             Slain by a merfolk
             ... wielding a +2 trident of venom
              (6 damage)
             ... on level 3 of the Shoals on Apr 7, 2022.
             The game lasted 03:14:41 (39016 turns).

jlumianski the Severer (Demonspawn Fighter)        Turns: 39016, Time: 03:14:42

Health: 0/147      AC: 44    Str: 26    XL:     17   Next: 86%
Magic:  32/33      EV:  5    Int: 10    God:    Okawaru [******]
Gold:   3035       SH: 24    Dex: 11    Spells: 16/16 levels left

rFire   + + +      SeeInvis +   W - +7 hand crossbow of Resourcefulness {venom, Will- MP+9 Str+3}
rCold   . . .      Faith    .   U - +2 tower shield {AC+3}
rNeg    + . .      Spirit   .   h - +9 gold dragon scales "Lirghept" {Contam rPois rF+ rC+ Will+ rCorr Slay+2}
rPois   +          Reflect  +   H - +2 hat
rElec   +          Harm     .   (cloak unavailable)
rCorr   +          Rampage  .   w - +2 pair of gloves {infuse}
Will    +....                   j - +2 pair of boots "Nugu Xaq" {rN+}
Stlth   ..........              O - amulet "Quoskiri" {Reflect rF++ Dex-3 SH+5 SInv}
HPRegen 0.34/turn               Z - +4 ring of slaying
MPRegen 0.23/turn               l - ring "Bualeheni" {Fire Drain rElec Slay+6 SInv}

@: lethally poisoned (0 -> -6), engulfed (cannot breathe), mesmerised, studying
Short Blades, very slow
A: rugged brown scales 3, (demonic guardian 1), powered by death 3, weakness
stinger 3, shaggy fur 1, MP-powered wands, noise suppression
}: 1/15 runes: serpentine
a: Renounce Religion, Heroism, Finesse, Duel


You were on level 3 of the Shoals.
You worshipped Okawaru.
Okawaru was exalted by your worship.
You visited 6 branches of the dungeon, and saw 32 of its levels.
You also visited: Ice Cave.

You collected 3788 gold pieces.
You spent 753 gold pieces at shops.

Inventory:

Hand Weapons
 C - the +7 war axe "Ukal" {flame, rElec rF+ rN+}
   (Okawaru gifted it to you on level 2 of the Snake Pit)

   It burns those it strikes, dealing additional fire damage.
   Big, fiery blades are also staple armaments of hydra-hunters.
   rF:        It protects you from fire.
   rElec:     It insulates you from electricity.
   rN:        It protects you from negative energy.
 G - a +9 broad axe of venom
 L - the +6 flail of Latry {venom, Str-2 Int+8}
   (You found it on level 3 of the Shoals)

   It poisons the flesh of those it strikes.
   Str:       It affects your strength (-2).
   Int:       It affects your intelligence (+8).
 W - the +7 hand crossbow of Resourcefulness (weapon) {venom, Will- MP+9 Str+3}
   (You found it on level 3 of the Shoals)

   Any ammunition fired from it poisons the flesh of those it strikes.
   Str:       It affects your strength (+3).
   MP:        It affects your magic capacity (+9).
   Will:      It decreases your willpower.
Missiles
 b - 3 throwing nets
 c - 3 poisoned darts
 m - 2 javelins
 n - 4 silver javelins
 y - 6 atropa-tipped darts
 K - 5 boomerangs of dispersal
 N - 31 boomerangs
Armour
 h - the +9 gold dragon scales "Lirghept" (worn) {Contam rPois rF+ rC+ Will+ rCorr Slay+2}
   (Okawaru gifted it to you on level 2 of the Shoals)

   Slay:      It affects your accuracy & damage with ranged weapons and melee
   (+2).
   rF:        It protects you from fire.
   rC:        It protects you from cold.
   rPois:     It protects you from poison.
   Contam:    It causes magical contamination when unequipped.
   rCorr:     It protects you from acid and corrosion.
   Will:      It increases your willpower.
 j - the +2 pair of boots "Nugu Xaq" (worn) {rN+}
   (Okawaru gifted it to you on level 1 of the Orcish Mines)

   rN:        It protects you from negative energy.
 w - a +2 pair of gloves of infusion (worn)
 B - the +5 chain mail "Hadotoeq" {rF+ Str+4}
   (You found it on level 5 of the Dungeon)

   Str:       It affects your strength (+4).
   rF:        It protects you from fire.
 H - a +2 hat (worn)
 R - the +4 scale mail of Qustrit {rF+}
   (You took it off a merfolk on level 2 of the Shoals)

   rF:        It protects you from fire.
 U - a +2 tower shield of protection (worn)
 X - a +1 kite shield of poison resistance
Jewellery
 l - the ring "Bualeheni" (right hand) {Fire Drain rElec Slay+6 SInv}
   (You found it on level 10 of the Dungeon)

   [ring of fire]

   It enhances your fire magic.
   Slay:      It affects your accuracy & damage with ranged weapons and melee
   (+6).
   rF:        It protects you from fire.
   rC:        It makes you vulnerable to cold.
   rElec:     It insulates you from electricity.
   SInv:      It lets you see invisible.
   Drain:     It drains your maximum health when unequipped.
 r - a ring of resist corrosion
 v - a ring of protection from cold
 E - an amulet of the acrobat
 I - a ring of poison resistance
 O - the amulet "Quoskiri" (around neck) {Reflect rF++ Dex-3 SH+5 SInv}
   (You acquired it on level 7 of the Dungeon)

   [amulet of reflection]

   It reflects blocked missile attacks.
   Dex:       It affects your dexterity (-3).
   rF:        It greatly protects you from fire.
   SInv:      It lets you see invisible.
   SH:        It affects your SH (+5).
 Q - a +4 ring of evasion
 Z - a +4 ring of slaying (left hand)
Wands
 e - a wand of iceblast (17)
 q - a wand of paralysis (12)
 s - a wand of digging (25)
 z - a wand of flame (5)
 P - a wand of acid (3)
Scrolls
 f - 4 scrolls of blinking
 i - 5 scrolls of fog
 t - 4 scrolls of magic mapping
 A - a scroll of amnesia
 D - a scroll of silence
 J - 14 scrolls of teleportation
 T - 5 scrolls of fear
 V - 12 scrolls of identify
Potions
 a - a potion of brilliance
 d - 5 potions of heal wounds
 g - 3 potions of haste
 k - 5 potions of cancellation
 o - 5 potions of berserk rage
 p - 15 potions of curing
 u - 2 potions of resistance
 x - 6 potions of flight
 F - 4 potions of might
 S - a potion of invisibility
Miscellaneous
 M - a lightning rod (4/4)


   Skills:
 + Level 13.7 Fighting
 + Level 16.7(16.8) Axes
 - Level 1.7(11.1) Maces & Flails
 + Level 3.9 Throwing
 * Level 13.0 Armour
 + Level 5.8 Dodging
 + Level 2.9 Stealth
 + Level 12.8 Shields
 - Level 10.5 Invocations
 * Level 10.9 Evocations


You had 16 spell levels left.
You didn't know any spells.
Your spell library contained the following spells:

 Spells                   Type           Power      Damage    Failure   Level
 Beastly Appendage        Tmut           0%         N/A       100%        1
 Pain                     Necr           0%         1d4       100%        1
 Blink                    Tloc           0%         N/A       100%        2
 Corpse Rot               Necr/Air       0%         N/A       100%        2
 Ensorcelled Hibernation  Hex/Ice        0%         N/A       100%        2
 Passwall                 Tmut/Erth      0%         N/A       100%        2
 Poisonous Vapours        Pois/Air       0%         N/A       100%        2
 Sublimation of Blood     Necr           0%         N/A       100%        2
 Wereblood                Tmut           0%         N/A       100%        2
 Frozen Ramparts          Ice            0%         1d2       100%        3
 Gell's Gravitas          Tloc           0%         N/A       100%        3
 Lesser Beckoning         Tloc           0%         N/A       100%        3
 Spider Form              Tmut/Pois      0%         N/A       100%        3
 Swiftness                Air            0%         N/A       100%        3
 Teleport Other           Tloc           0%         N/A       100%        3
 Vampiric Draining        Necr           0%         2d6       100%        3
 Airstrike                Air            0%         N/A       100%        4
 Anguish                  Hex/Necr       0%         N/A       100%        4
 Hailstorm                Conj/Ice       0%         3d3       100%        4
 Ice Form                 Ice/Tmut       0%         N/A       100%        4
 Passage of Golubria      Tloc           0%         N/A       100%        4
 Petrify                  Tmut/Erth      0%         N/A       100%        4
 Alistair's Intoxication  Tmut/Pois      0%         N/A       100%        5
 Borgnjor's Vile Clutch   Necr/Erth      0%         N/A       100%        5
 Irradiate                Conj/Tmut      0%         3d13      100%        5
 Lightning Bolt           Conj/Air       0%         1d11      100%        5
 Manifold Assault         Tloc           0%         N/A       100%        5
 Silence                  Hex/Air        0%         N/A       100%        5
 Dispersal                Tloc           0%         N/A       100%        6
 Eringya's Noxious Bog    Tmut/Pois      0%         N/A       100%        6
 Enfeeble                 Hex            0%         N/A       100%        7
 Storm Form               Tmut/Air       0%         N/A       100%        7
 Lehudib's Crystal Spear  Conj/Erth      0%         10d2      100%        8
 Maxwell's Capacitive Co  Air            0%         ∞         100%        8
 Animate Skeleton         Necr           Unusable   N/A       N/A         1
 Tukima's Dance           Hex            Unusable   N/A       N/A         3
 Summon Ice Beast         Ice/Summ       Unusable   N/A       N/A         4
 Summon Lightning Spire   Summ/Air       Unusable   N/A       N/A         4
 Simulacrum               Ice/Necr       Unusable   N/A       N/A         6

Dungeon Overview and Level Annotations

Branches:
Dungeon (15/15)            Temple (1/1) D:5            Lair (6/6) D:11
 Shoals (4/4) Lair:4        Snake (4/4) Lair:2        Slime (0/5) Lair:5
    Orc (2/2) D:12            Elf (0/3) Orc:2        Vaults (0/5) D:14
 Depths (0/4) D:15          IceCv (visited)

Altars:
Ashenzari
Cheibriados
Dithmenos
Elyvilon
Fedhas
Gozag
Nemelex Xobeh
Okawaru
Qazlal
Uskayaw
Vehumet
Yredelemnul
Zin
The Shining One
Beogh
Jiyva

Shops:
D:15 [   Orc:2 !*=:

Portals:
Trove: D:11 (give 17 potions of curing)

Annotations:
Shoals:3 Ilsuiw


Innate Abilities, Weirdness & Mutations

You are completely covered in rugged brown scales. (AC +3, +7% HP)
((A weak demonic guardian rushes to your aid.))
You regenerate a lot of health from kills.
You have a sharp stinger which inflicts weakening toxins.
You are covered in fur. (AC +1)
You expend magic power (3 MP) to strengthen your wands.
You passively dampen the noise of your surroundings.


Message History

The merfolk hits you but does no damage.
You block the water elemental's attack.
The merfolk hits you but does no damage.
Okay, then.
Okay, then.
Okay, then.
Unknown command.
You clumsily bash the merfolk siren but do no damage.
Your lungs strain for air!
You feel sick. You block the water elemental's attack.
The merfolk hits you but does no damage.
You are more poisoned.
Ilsuiw hits you but does no damage.
The merfolk siren chants its luring song. x2
You block the merfolk's attack. The water elemental hits you.
* * * LOW HITPOINT WARNING * * *
The merfolk hits you from afar with a +0 trident!
* * * LOW HITPOINT WARNING * * *
You block the water elemental's attack. Ilsuiw hits you but does no damage.
You block the merfolk's attack.
The merfolk siren chants its luring song. x2
The merfolk hits you but does no damage.
Your unstable footing causes you to fumble your attack.
* * * LOW HITPOINT WARNING * * *
Your lungs strain for air!
You feel very sick. You block the water elemental's attack.
You block the merfolk's attack. The water elemental hits you.
* * * LOW HITPOINT WARNING * * *
You block the merfolk's attack.
Ilsuiw mumbles some strange words.
Ilsuiw blinks!
The merfolk siren hits you but does no damage. x2
The merfolk hits you with a +0 trident!
* * * LOW HITPOINT WARNING * * *
The water elemental hits you.
* * * LOW HITPOINT WARNING * * *
The merfolk hits you but does no damage.
You block the water elemental's attack.
The merfolk hits you from afar with a +2 trident of venom.
You die...

≈≈≈≈≈≈.≈≈≈≈≈≈≈≈≈≈
.≈≈.≈≈≈≈≈≈≈≈≈≈≈≈≈≈≈
....≈≈≈≈≈≈≈m≈≈≈≈≈≈
.....≈≈≈≈≈≈≈≈≈≈≈≈
##...≈≈≈≈≈≈≈≈≈≈≈≈
..#..m≈§≈≈≈≈≈≈≈≈≈≈≈
≈....≈Emm≈≈≈≈≈≈≈≈≈≈
#.≈m@Em≈≈≈≈≈≈≈≈≈ ..
#.≈≈)<...≈†≈≈≈≈≈
..#.##.≈≈##....≈≈≈≈≈≈
.........≈≈.#..≈≈≈≈≈≈≈≈
≈≈≈..........≈≈≈...≈≈≈≈≈≈≈≈≈
≈≈≈≈≈......≈≈≈≈≈≈).≈≈≈≈≈≈≈≈≈
≈≈≈≈.≈##...≈≈≈≈≈.)..≈≈≈≈≈≈≈≈
≈≈≈.≈..#....≈≈≈≈.....≈≈≈≈≈≈≈
≈≈≈≈≈≈≈≈≈≈..≈≈≈..#.......≈≈≈


You could see Ilsuiw (invisible), 3 merfolk, 2 water elementals and 2 merfolk
sirens.

Vanquished Creatures
  Vashnia (Snake:3)
  Nikola (Snake:3)
  Jorgrun (D:14)
  Gastronok (D:11)
  Frances (D:14)
  Agnes (D:14)
  Kirke (D:15)
  9 nagarajas
  2 merfolk javelineers
  Josephine (D:11)
  2 vault guards (D:13)
  2 fire dragons
  Fannar (D:11)
  2 merfolk impalers
  Harold (D:9)
  3 salamander tyrants
  An ice dragon (D:15)
  12 naga warriors
  3 merfolk avatars (Shoals:2)
  9 hydras
  An alligator snapping turtle (Shoals:2)
  2 catoblepae
  5 alligators (Shoals:2)
  A centaur warrior (D:14)
  A tengu warrior (D:13)
  10 two-headed ogres
  15 anacondas
  A death yak (Lair:6)
  7 orc high priests (Orc:2)
  17 naga sharpshooters
  Amaemon (D:8)
  8 shock serpents
  The ghost of SirDiesAlot the Grasshopper, a novice MiWr of the Shining One (D:10)
  Lodul (D:14)
  2 salamander mystics
  6 sea snakes
  5 naga ritualists
  A goliath frog (Shoals:2)
  3 wizards (D:14)
  Pikel (D:9)
  5 lindwurms
  2 bog bodies (IceCv)
  A deep elf pyromancer (D:12)
  2 necromancers (D:14)
  5 ugly things
  7 mana vipers
  2 orc knights
  3 orc sorcerers
  5 cyclopes
  18 salamanders
  8 manticores
  3 fauns (Shoals:2)
  An ice statue (IceCv)
  Maurice (D:9)
  10 guardian serpents
  A torpor snail (Lair:6)
  37 black mambas
  10 naga magi
  An orange demon (D:8)
  4 water nymphs
  2 molten gargoyles (Lair:6)
  2 merfolk sirens (Shoals:2)
  A guardian serpent (shapeshifter) (D:13)
  9 cane toads
  A rime drake (shapeshifter) (D:13)
  12 komodo dragons
  A yaktaur (shapeshifter) (D:13)
  4 rime drakes
  2 efreet (D:14)
  Psyche (D:9)
  An anaconda simulacrum (IceCv)
  An ice devil (IceCv)
  A freezing wraith (IceCv)
  A polar bear (Lair:6)
  18 merfolk
  3 trolls
  2 wind drakes
  4 dream sheep
  23 blink frogs
  3 snapping turtles
  A shadow (D:12)
  2 centaur simulacra
  A vampire (D:11)
  4 wyverns
  3 water elementals
  Eustachio (D:5)
  Grum (D:8)
  7 wraiths
  A fire elemental (D:15)
  19 humans
  8 basilisks
  5 vampire mosquitoes (D:13)
  A golden eye (shapeshifter) (D:13)
  74 yaks
  6 hogs (D:15)
  2 steam dragons
  A death yak simulacrum (IceCv)
  Menkaure (D:6)
  10 wargs
  34 nagas
  Edmund (D:4)
  2 acid dragons (D:12)
  2 harpy simulacra (IceCv)
  20 water moccasins
  5 hell hounds (Lair:6)
  6 ice beasts
  24 orc warriors
  5 black bears
  9 ogres
  28 wolves
  10 centaurs
  2 lemures (D:9)
  A kobold brigand (D:6)
  7 two-headed ogre simulacra (IceCv)
  13 bullfrogs
  3 wights
  3 scorpions
  An elephant simulacrum (IceCv)
  5 killer bees (D:7)
  9 howler monkeys
  5 electric eels
  6 lava snakes
  2 bullfrog zombies (D:6)
  A gnoll shaman (D:7)
  35 orc priests
  2 hounds
  An iguana (D:5)
  23 orc wizards
  7 hell rats (Lair:2)
  A polar bear simulacrum (IceCv)
  5 troll simulacra (IceCv)
  2 spriggan simulacra (IceCv)
  2 killer bee zombies (D:6)
  8 adders
  5 gnolls (D:7)
  10 naga simulacra (IceCv)
  A shadow imp (D:6)
  25 white imps
  6 ufetubi (IceCv)
  2 dart slugs
  86 orcs
  8 ball pythons
  4 bats
  3 endoplasms
  2 giant cockroaches
  4 goblins
  4 hobgoblins
  10 jackals
  11 kobolds
  7 quokkas
  3 frilled lizards
  2 rats (D:3)
  A bush (Lair:2)
994 creatures vanquished.

Vanquished Creatures (collateral kills)
  An orc wizard (D:3)
  2 orcs (D:3)
3 creatures vanquished.

Vanquished Creatures (others)
  A black mamba (Snake:4)
  3 orcs
  28 fungi
  99 plants
  3 withered plants (D:6)
134 creatures vanquished.

Grand Total: 1131 creatures vanquished

Notes
Turn   | Place    | Note
-------+----------+-------------------------------------------
     0 | D:1      | jlumianski the Demonspawn Fighter began the quest for the
                  | Orb.
     0 | D:1      | Reached XP level 1. HP: 18/18 MP: 1/1
   221 | D:2      | Gained mutation: You have a small tail. [demonic ancestry]
   221 | D:2      | Reached XP level 2. HP: 12/24 MP: 2/2
   426 | D:1      | Reached skill level 2 in Axes
  1473 | D:2      | Found a faded altar of an unknown god.
  1572 | D:2      | Gained mutation: A weak demonic guardian rushes to your
                  | aid. [demonic ancestry]
  1572 | D:2      | Reached XP level 3. HP: 29/29 MP: 3/3
  1947 | D:3      | Reached skill level 1 in Dodging
  2004 | D:3      | Gained mutation: You are partially covered in rugged brown
                  | scales. (AC +1, +3% HP) [demonic ancestry]
  2004 | D:3      | Reached XP level 4. HP: 21/36 MP: 4/4
  2463 | D:3      | You fall into a shaft and drop 3 floors!
  2473 | D:5      | Entered Level 5 of the Dungeon
  2525 | D:5      | Noticed Eustachio
  2544 | D:6      | Gained mutation: You regenerate a little health from kills.
                  | [demonic ancestry]
  2544 | D:6      | Reached XP level 5. HP: 30/42 MP: 5/5
  2576 | D:6      | Noticed a black bear
  2860 | D:4      | Noticed Edmund
  2881 | D:4      | Noticed an ogre
  3059 | D:2      | Found a shadowy altar of Dithmenos.
  3320 | D:3      | Gained mutation: You are covered in fur. (AC +1) [potion of
                  | mutation]
  3320 | D:3      | Gained mutation: You passively dampen the noise of your
                  | surroundings. [potion of mutation]
  3320 | D:3      | Gained mutation: You expend magic power (3 MP) to
                  | strengthen your wands. [potion of mutation]
  4018 | D:4      | Reached skill level 3 in Axes
  4105 | D:4      | Killed an ogre
  4106 | D:4      | Reached XP level 6. HP: 19/48 MP: 6/6
  4338 | D:4      | Killed Edmund
  4339 | D:4      | Reached skill level 1 in Throwing
  4339 | D:4      | Reached skill level 1 in Stealth
  4589 | D:5      | Found a staircase to the Ecumenical Temple.
  4595 | Temple   | Entered the Ecumenical Temple
  4630 | Temple   | Became a worshipper of Warmaster Okawaru
  4791 | D:5      | Gained mutation: You have a tail ending in a sharp stinger.
                  | [demonic ancestry]
  4791 | D:5      | Reached XP level 7. HP: 49/54 MP: 7/7
  4798 | D:5      | Reached skill level 4 in Axes
  4958 | D:5      | Killed Eustachio
  4988 | D:5      | Identified the +5 chain mail "Hadotoeq" {rF+ Str+4}
  5444 | D:5      | Reached skill level 5 in Armour
  5566 | D:6      | Reached skill level 5 in Axes
  5610 | D:7      | Noticed Menkaure
  5615 | D:6      | Reached * piety under Okawaru
  5697 | D:6      | Found an opulent altar of Gozag.
  5731 | D:6      | Gained mutation: You are mostly covered in rugged brown
                  | scales. (AC +2, +5% HP) [demonic ancestry]
  5731 | D:6      | Reached XP level 8. HP: 55/63 MP: 8/8
  6386 | D:6      | Reached skill level 6 in Axes
  6684 | D:6      | Reached ** piety under Okawaru
  6730 | D:6      | Killed Menkaure
  6956 | D:6      | Gained mutation: You regenerate health from kills. [demonic
                  | ancestry]
  6956 | D:6      | Reached XP level 9. HP: 69/69 MP: 9/9
  7555 | D:7      | Identified a scroll of acquirement
  7555 | D:7      | Acquired the amulet "Quoskiri" {Reflect rF++ Dex-3 SH+5
                  | SInv}
  7621 | D:7      | Reached skill level 7 in Axes
  7735 | D:8      | Noticed Grum
  7753 | D:8      | Reached skill level 5 in Fighting
  7761 | D:8      | Killed Grum
  7761 | D:8      | Reached *** piety under Okawaru
  7798 | D:8      | Found Zin's Purification Station.
  7798 | D:8      | Noticed Amaemon
  7798 | D:8      | Noticed an orange demon
  7935 | D:8      | Bought a potion of curing for 90 gold pieces
  8090 | D:8      | Reached skill level 8 in Axes
  8090 | D:8      | Reached skill level 5 in Shields
  8212 | D:8      | Killed Amaemon
  8212 | D:8      | Reached **** piety under Okawaru
  8213 | D:8      | Reached XP level 10. HP: 55/79 MP: 10/10
  8258 | D:8      | Upgraded the game from 0.29-a0-321-gf1c400731a to
                  | 0.29-a0-322-g68df515428
  8420 | D:8      | Noticed a two-headed ogre
  8444 | D:8      | Killed a two-headed ogre
  8445 | D:8      | Reached skill level 9 in Axes
  8445 | D:8      | Reached skill level 1 in Invocations
  8673 | D:8      | Killed an orange demon
  8843 | D:8      | Found a blossoming altar of Fedhas.
  9042 | D:9      | Found a runed translucent door.
  9112 | D:9      | Noticed Psyche
  9123 | D:9      | Killed Psyche
  9123 | D:9      | Reached ***** piety under Okawaru
  9133 | D:10     | Entered Level 10 of the Dungeon
  9173 | D:10     | Noticed a two-headed ogre
  9279 | D:10     | Killed a two-headed ogre
  9426 | D:9      | Received a gift from Okawaru
  9494 | D:10     | Found a shadowy altar of Dithmenos.
  9554 | D:11     | Noticed Gastronok
  9593 | D:9      | Noticed Harold
  9614 | D:9      | Killed Harold
  9615 | D:9      | Reached skill level 5 in Invocations
  9615 | D:9      | Gained mutation: You are completely covered in rugged brown
                  | scales. (AC +3, +7% HP) [demonic ancestry]
  9615 | D:9      | Reached XP level 11. HP: 48/88 MP: 14/14
  9711 | D:9      | Reached skill level 10 in Axes
 10102 | D:9      | Noticed Maurice
 10159 | D:9      | Killed Maurice
 10564 | D:9      | Noticed Pikel
 10584 | D:9      | Killed Pikel
 10934 | D:10     | Noticed a two-headed ogre
 10941 | D:10     | Killed a two-headed ogre
 11049 | D:10     | Found a runed translucent gate.
 11049 | D:10     | Found a runed translucent gate.
 11049 | D:10     | Found a runed translucent gate.
 11092 | D:10     | Noticed SirDiesAlot's ghost (novice MiWr)
 11349 | D:10     | Found a hide-covered altar of Uskayaw.
 11583 | D:10     | Killed SirDiesAlot's ghost
 11700 | D:10     | Identified the ring "Bualeheni" {Fire Drain rElec Slay+6
                  | SInv}
 11847 | D:11     | Received a gift from Okawaru
 12001 | D:11     | Reached skill level 11 in Axes
 12099 | D:11     | Found a staircase to the Lair.
 12214 | D:11     | Noticed Josephine
 12228 | D:11     | Killed Josephine
 12228 | D:11     | Reached ****** piety under Okawaru
 12704 | D:11     | Found a portal to a secret trove of treasure.
 12733 | D:11     | Noticed Fannar
 12748 | D:11     | Killed Fannar
 12748 | D:11     | Received a gift from Okawaru
 12749 | D:11     | Gained mutation: You have a sharp stinger which inflicts
                  | weakening toxins. [demonic ancestry]
 12749 | D:11     | Reached XP level 12. HP: 97/97 MP: 11/18
 12805 | D:11     | Killed Gastronok
 12805 | D:11     | Received a gift from Okawaru
 13032 | D:12     | Found a staircase to the Orcish Mines.
 13852 | D:12     | Reached skill level 12 in Axes
 14528 | D:13     | Noticed a four-headed hydra
 14535 | D:13     | Killed a four-headed hydra
 15052 | D:14     | Noticed Frances
 15052 | D:14     | Noticed a tengu warrior
 15110 | D:13     | Killed a tengu warrior
 15110 | D:13     | Received a gift from Okawaru
 15240 | Lair:1   | Entered Level 1 of the Lair of Beasts
 15355 | D:14     | Killed Frances
 15462 | D:14     | Noticed Lodul
 15487 | D:14     | Reached skill level 1 in Maces & Flails
 15491 | D:14     | Noticed a two-headed ogre
 15496 | D:14     | Killed Lodul
 15497 | D:14     | Reached XP level 13. HP: 107/107 MP: 20/20
 15500 | D:14     | Reached skill level 10 in Invocations
 15512 | D:14     | Reached skill level 13 in Axes
 15648 | D:14     | Noticed Agnes
 15663 | D:14     | Killed Agnes
 15710 | D:14     | Noticed Jorgrun
 15723 | D:14     | Killed Jorgrun
 15880 | D:14     | Received a gift from Okawaru
 15915 | D:14     | Reached skill level 10 in Fighting
 15941 | D:14     | Found a gate to the Vaults.
 16170 | D:15     | Entered Level 15 of the Dungeon
 16175 | D:15     | Found a stormy altar of Qazlal.
 16225 | D:15     | Found Wiekoati's Armour Shoppe.
 16427 | D:15     | Noticed a fire dragon
 16444 | D:15     | Killed a fire dragon
 16460 | D:15     | Found a staircase to the Depths.
 16522 | D:15     | Noticed Kirke
 16560 | D:15     | Killed Kirke
 16707 | D:15     | Reached skill level 1 in Evocations
 16876 | D:14     | Gained mutation: You regenerate a lot of health from kills.
                  | [demonic ancestry]
 16876 | D:14     | Reached XP level 14. HP: 118/118 MP: 21/21
 17324 | Orc:1    | Entered Level 1 of the Orcish Mines
 17330 | Orc:1    | Identified the +2 pair of boots "Nugu Xaq" {rN+} (Okawaru
                  | gifted it to you on level 1 of the Orcish Mines)
 17330 | Orc:1    | Received a gift from Okawaru
 17540 | Orc:2    | Entered Level 2 of the Orcish Mines
 18106 | Orc:2    | Found a staircase to the Elven Halls.
 18119 | Orc:2    | Paralysed by an orc sorcerer for 3 turns
 18131 | Orc:2    | Reached skill level 5 in Dodging
 18346 | Orc:2    | Paralysed by an orc sorcerer for 5 turns
 18688 | Orc:2    | Reached skill level 10 in Shields
 18829 | Orc:2    | Found Usitean's Book Boutique.
 18829 | Orc:2    | Found Acaphogill's Jewellery Shoppe.
 18868 | Orc:2    | Found Galohel's Assorted Antiques.
 18868 | Orc:2    | Found Zahed's Distillery.
 18878 | Orc:2    | Bought a potion of mutation for 136 gold pieces
 18878 | Orc:2    | Bought a potion of heal wounds for 85 gold pieces
 18878 | Orc:2    | Bought a potion of curing for 51 gold pieces
 18878 | Orc:2    | Bought 2 potions of heal wounds for 170 gold pieces
 18878 | Orc:2    | Bought a potion of curing for 51 gold pieces
 18878 | Orc:2    | Bought 2 potions of berserk rage for 170 gold pieces
 19898 | Lair:1   | Received a gift from Okawaru
 20611 | Lair:2   | Found a staircase to the Snake Pit.
 21311 | Lair:3   | Found a frozen archway.
 21335 | Lair:3   | Reached skill level 5 in Evocations
 21340 | IceCv    | Entered an ice cave
 23216 | Lair:3   | Received a gift from Okawaru
 23670 | Lair:3   | Reached skill level 14 in Axes
 24143 | Lair:4   | Reached skill level 10 in Armour
 24143 | Lair:4   | Reached XP level 15. HP: 128/128 MP: 19/22
 24183 | Lair:4   | Found a staircase to the Shoals.
 24403 | Lair:4   | Found a stormy altar of Qazlal.
 25484 | Lair:5   | Found a staircase to the Slime Pits.
 25485 | Lair:5   | Found a viscous altar of Jiyva.
 26554 | Lair:6   | Entered Level 6 of the Lair of Beasts
 26977 | Lair:6   | Identified the +10 crystal plate armour "Jaxeilug" {+Inv
                  | Int+8 Dex-2 Stlth-} (Okawaru gifted it to you on level 6 of
                  | the Lair of Beasts)
 26977 | Lair:6   | Received a gift from Okawaru
 27099 | Lair:6   | Found a large runed translucent door.
 27297 | Lair:6   | Found a large runed translucent door.
 28362 | Snake:1  | Entered Level 1 of the Snake Pit
 28877 | Snake:1  | Identified the +6 dagger of Vethem {flame, Dex+7}
 29866 | Snake:2  | Identified the +7 war axe "Ukal" {flame, rElec rF+ rN+}
                  | (Okawaru gifted it to you on level 2 of the Snake Pit)
 29866 | Snake:2  | Received a gift from Okawaru
 30446 | Snake:2  | Reached XP level 16. HP: 138/138 MP: 20/23
 30518 | Snake:2  | Reached skill level 15 in Axes
 31375 | Snake:3  | Noticed Vashnia
 31386 | Snake:3  | Killed Vashnia
 31386 | Snake:3  | Identified the +0 helmet of Xomygguc {rC+ rCorr Slay-6
                  | SInv} (Okawaru gifted it to you on level 3 of the Snake
                  | Pit)
 31386 | Snake:3  | Received a gift from Okawaru
 32305 | Snake:3  | Noticed Nikola
 32320 | Snake:3  | Killed Nikola
 32532 | Snake:3  | Identified the +0 leather armour of Dogmatism {rElec Int+6
                  | Dex-5}
 33177 | Snake:3  | Received a gift from Okawaru
 33560 | Snake:4  | Entered Level 4 of the Snake Pit
 34772 | Snake:4  | Received a gift from Okawaru
 35039 | Snake:4  | Reached XP level 17. HP: 131/146 MP: 16/24
 35202 | Snake:4  | Reached skill level 16 in Axes
 35278 | Snake:4  | Reached skill level 10 in Evocations
 35327 | Snake:4  | Received a gift from Okawaru
 35674 | Snake:4  | Got a serpentine rune of Zot
 36011 | Shoals:1 | Entered Level 1 of the Shoals
 36777 | Shoals:2 | Identified the +9 gold dragon scales "Lirghept" {Contam
                  | rPois rF+ rC+ Will+ rCorr Slay+2} (Okawaru gifted it to you
                  | on level 2 of the Shoals)
 36777 | Shoals:2 | Received a gift from Okawaru
 37983 | Shoals:3 | Identified the +6 flail of Latry {venom, Str-2 Int+8}
 38007 | Shoals:4 | Entered Level 4 of the Shoals
 38181 | Shoals:3 | Identified the +4 scale mail of Qustrit {rF+}
 38858 | Shoals:3 | Identified the +7 hand crossbow of Resourcefulness {venom,
                  | Will- MP+9 Str+3}
 38862 | Shoals:3 | Noticed Ilsuiw
 39016 | Shoals:3 | HP: 6/147 [water elemental[Ilsuiw] (4)]
 39016 | Shoals:3 | Slain by a merfolk

Illustrated notes

Levels and vault maps discovered:
D:1:      dpeg_arrival_circle_labyrinth_a, layout_loops_corners,
          kennysheep_nondescript, chequers_garden
D:2:      layout_basic, nicolae_ecumenical_snake_handling, basic_altar
D:3:      layout_basic
D:4:      layout_cave_pools, uniq_edmund
D:5:      layout_basic, minmay_temple_entry_fiery, grunt_ministairs_9,
          uniq_eustachio
D:6:      layout_loops_ring, grunt_gozag_breadcrumbs, serial_undead,
          serial_undead_f, serial_undead_c, serial_undead_b, serial_undead_a,
          minmay_misc_feat_nine_boxes
D:7:      layout_cave_pools, nicolae_tso_carved_into_rock, uniq_menkaure
D:8:      layout_basic, zin_purify, kennysheep_little_box, uniq_grum,
          uniq_amaemon
D:9:      layout_roguey, lightli_church_of_beogh, uniq_harold, uniq_maurice,
          uniq_psyche, uniq_pikel
D:10:     layout_basic, nicolae_overflow_squiral, kennysheep_mini,
          gammafunk_ghost_icy, minmay_misc_feat_ornament
D:11:     layout_grid_maze, grunt_lair_entry_orc_guard_hut,
          nicolae_trove_entry_crossroad, uniq_josephine, uniq_fannar,
          uniq_gastronok
D:12:     layout_basic, orc_0_dummy, serial_bayou, serial_bayou_shore_b,
          serial_bayou_pond_c, serial_bayou_shore_b, serial_bayou_lagoon_a,
          nrook_guardian_serpent_ordinary
D:13:     layout_irregular_city
D:14:     layout_basic, grunt_vaults_entry_tiered, dreamdust_mushroom_princess,
          uniq_agnes, uniq_jorgrun, uniq_frances, uniq_lodul
D:15:     grunt_enter_depths_hoard, layout_irregular_city, lemuel_crystal_altar,
          serial_shops, nicolae_shop_advertising_works
          [nicolae_subvault_shop_adworks], nicolae_lava_and_water, uniq_kirke
Temple:   regret_index_temple_waves
Lair:1:   layout_concentric_octagons, nicolae_lair_grazing_beasts
          [nicolae_sub_lair_graze_edge, nicolae_sub_lair_graze_edge,
          nicolae_sub_lair_graze_edge, nicolae_sub_lair_graze_edge]
Lair:2:   layout_gridlike, minmay_snake_entry_spellcaster, minivault_19
Lair:3:   layout_long_grid, portal_ice_cave_entry_imps,
          infiniplex_staircase_pool_2, serial_bayou_shore_a,
          serial_bayou_shore_b
Lair:4:   layout_layer_cave, minmay_shoals_entry_centaurs, basic_altar,
          st_stairs_3, grunt_megastairs_2
Lair:5:   layout_cave_pods, slime_altar_1, nicolae_lair_lindhole,
          infiniplex_staircase_pool, grunt_megastairs_4
Lair:6:   cheibrodos_lair_end_hotspot, layout_loops_ring, st_stairs_3,
          chequers_serial_rivers_micro_b
Shoals:1: layout_shoals, overgrown_tower
Shoals:2: layout_shoals, nicolae_shoals_goliath_grotto
Shoals:3: layout_shoals, uniq_louise, uniq_ilsuiw
Shoals:4: shoals_end_hangedman, layout_shoals, ebering_ghost_davey_jones
Snake:1:  layout_chambers, st_stairs_4
Snake:2:  cheibrodos_snake_ritualist_ritual, layout_cave_pods
Snake:3:  layout_chambers, nrook_loot_triangle, grunt_megastairs_1,
          serial_bayou_shore_b, uniq_vashnia, uniq_nikola
Snake:4:  grunt_snake_rune_serpentine_throne, layout_basic, serial_bayou_shore_b
Orc:1:    layout_caves
Orc:2:    st_orc_town, layout_caves

Skill      XL: |  1  2  3  4  5  6  7  8  9 10 11 12 13 14 15 16 17 |
---------------+----------------------------------------------------+-----
Shields        | 3 4 5 6 7 9 10 11 12 | 12.8
Axes           | 2 3 5 6 8 9 11 12 13 14 15 16 | 16.7
Dodging        | 1 2 3 4 5 |  5.8
Armour         | 3 4 5 6 7 8 9 10 11 12 13 | 13.0
Throwing       | 1 2 3 |  3.9
Stealth        | 1 2 |  2.9
Fighting       | 4 5 6 7 8 10 11 12 13 | 13.7
Invocations    | 5 8 9 10 | 10.5
Maces & Flails | 1 |  1.7
Evocations     | 1 5 7 9 10 | 10.9

Action                   |  1- 3 |  4- 6 |  7- 9 | 10-12 | 13-15 | 16-18 || total
-------------------------+-------+-------+-------+-------+-------+-------++-------
Melee: War axe           |   102 |   110 |   330 |   378 |       |       ||   920
       Tailslap          |     8 |    16 |    51 |    92 |   147 |   119 ||   433
       Broad axe         |       |       |       |   149 |   864 |   573 ||  1586
       Demon whip        |       |       |       |     5 |    41 |       ||    46
       Hand crossbow     |       |       |       |       |       |     8 ||     8
 Fire: Hand crossbow     |       |       |       |       |       |     5 ||     5
Throw: Stone             |    20 |     3 |       |       |       |       ||    23
       Dart              |       |     6 |    16 |    12 |       |       ||    34
       Boomerang         |       |       |       |    22 |     6 |    25 ||    53
Invok: Heroism           |       |       |       |     8 |     3 |     3 ||    14
       Finesse           |       |       |       |     2 |     5 |     5 ||    12
Evoke: Wand              |       |     3 |     4 |       |       |     4 ||    11
       Lightning rod     |       |       |       |       |     3 |     2 ||     5
  Use: Scroll            |     2 |     6 |     6 |    12 |     8 |     1 ||    35
       Potion            |     1 |     4 |     5 |     2 |     1 |       ||    13
 Stab: Paralysed         |       |     5 |       |       |       |       ||     5
       Held in net/web   |       |       |       |     1 |       |       ||     1
       Invisible         |       |       |       |     3 |       |       ||     3
       Petrifying        |       |       |       |       |     1 |       ||     1
Armor: Scale mail        |    55 |    34 |       |       |       |       ||    89
       Chain mail        |       |    38 |   255 |   259 |   477 |   230 ||  1259
       Skin              |       |       |    37 |       |       |       ||    37
       Gold dragon scale |       |       |       |       |       |   131 ||   131
Dodge: Dodged            |    51 |    41 |   176 |   159 |   251 |   136 ||   814
Block: Buckler           |    35 |    18 |   137 |   231 |       |       ||   421
       Reflection        |       |       |       |     9 |    39 |   118 ||   166
       Kite shield       |       |       |       |    17 |   828 |   426 ||  1271
       Tower shield      |       |       |       |       |       |   223 ||   223

Table legend: (Time is in decaauts)
 A = Elapsed time spent in this place.
 B = Non-inter-level travel time spent in this place.
 C = Inter-level travel time spent in this place.
 D = Time resting spent in this place.
 E = Time spent auto-exploring this place.
 F = Levels seen in this place.
 G = Mean time per level.
                   A        B        C        D        E       F      G
               +--------+--------+--------+--------+--------+-----+--------+
         Total |  39514 |  37877 |   1637 |   3352 |  22912 |  33 | 1197.4 |
       Dungeon |  17652 |  17016 |    636 |   1510 |   9832 |  15 | 1176.8 |
        Temple |     64 |     64 |      0 |      0 |      0 |   1 |   64.0 |
          Lair |   7597 |   6870 |    727 |      0 |   5289 |   6 | 1266.2 |
        Shoals |   3200 |   3190 |     10 |    426 |   1819 |   4 |  800.0 |
     Snake Pit |   7289 |   7028 |    261 |    943 |   4387 |   4 | 1822.2 |
  Orcish Mines |   2134 |   2134 |      0 |    177 |    880 |   2 | 1067.0 |
      Ice Cave |   1575 |   1575 |      0 |    296 |    703 |   1 | 1575.0 |
               +--------+--------+--------+--------+--------+-----+--------+

Top non-repeatable levels by time:
 Snake:3: 2746 daAuts
Shoals:2: 1961 daAuts
     D:9: 1666 daAuts
 Snake:4: 1647 daAuts
  Lair:6: 1604 daAuts
   IceCv: 1575 daAuts
     D:6: 1569 daAuts
 Snake:1: 1527 daAuts
  Lair:4: 1509 daAuts
    D:12: 1491 daAuts
   Orc:2: 1408 daAuts
     D:8: 1368 daAuts
 Snake:2: 1367 daAuts
  Lair:1: 1360 daAuts
     D:1: 1349 daAuts
